 Dungeon Crawl Stone Soup version 0.29.1 (webtiles) character file.

Game seed: 18332231913357510827

25 qw the Chopper (level 2, 0/26 HPs)
             Began as a Minotaur Berserker on Sept 13, 2022.
             Was a Follower of Trog.
             Succumbed to their own poison gas
             ... on level 1 of the Dungeon.
             The game lasted 00:00:23 (652 turns).

qw the Chopper (Minotaur Berserker)                  Turns: 652, Time: 00:00:23

Health: 0/26       AC:  6    Str: 21    XL:     2   Next: 82%
Magic:  1/1        EV: 10    Int:  4    God:    Trog [*.....]
Gold:   15         SH:  0    Dex:  9    Spells: 1/1 levels left

rFire   . . .      SeeInvis .   Y - +0 hand axe
rCold   . . .      Faith    .   (no shield)
rNeg    . . .      Spirit   .   j - +0 scale mail
rPois   .          Reflect  .   (helmet restricted)
rElec   .          Harm     .   (no cloak)
rCorr   .          Rampage  .   (no gloves)
Will    .....                   (no boots)
Stlth   ..........              (no amulet)
HPRegen 0.08/turn               (no ring)
MPRegen 0.07/turn               (no ring)

@: lethally poisoned (0 -> -2)
A: horns 2, retaliatory headbutt
a: Renounce Religion, Berserk


You were on level 1 of the Dungeon.
You worshipped Trog.
Trog was aware of your devotion.
You visited 1 branch of the dungeon, and saw 1 of its levels.

You collected 15 gold pieces.


Innate Abilities, Weirdness & Mutations

You have a pair of horns on your head.
You reflexively headbutt those who attack you in melee.


   Skills:
 - Level 3.6 Fighting
 + Level 5.0 Axes
 - Level 2.4 Armour
 - Level 2.1 Dodging


You had one spell level left.
You didn't know any spells.
Your spell library was empty.

Inventory:

Hand Weapons
 g - a +0 whip
 Y - a +0 hand axe (weapon)
Armour
 j - a +0 scale mail (worn)
Scrolls
 a - a scroll of identify
Potions
 d - a potion of cancellation {unknown}
 i - a potion of lignification {unknown}
 l - a potion of curing {unknown}
 m - a potion of haste {unknown}

Dungeon Overview and Level Annotations

Branches:
Dungeon (1/15)

Altars:


Message History

640 ||| READING scroll labelled XIMOMOKLUDGH.
As you read the scroll labelled XIMOMOKLUDGH, it crumbles to dust.
It is a scroll of amnesia.
You feel forgetful for a moment.
Done exploring.
641 ||| READING scroll labelled MYSUEW XIF VER.
As you read the scroll labelled MYSUEW XIF VER, it crumbles to dust.
You assume a fearsome visage.
Nothing appears to happen.
It was a scroll of fear.
Done exploring.
(D) Dungeon
Where to? (* - list waypoints, ? - help)
What level of the Dungeon? (default 1, ? - help) Sorry, I don't know how to get there.
Done exploring.
642 ||| Stepping randomly (stuck).
Really walk into that cloud of poison gas?
You are engulfed in poison gas.
You are poisoned.
You feel very sick.
643 ||| Stepping ~*~*~tactically~*~*~ (cloud).
You feel very sick.
Things that are here:
a +0 leather armour; a +0 animal skin
There is a lethal amount of poison in your body!
You feel very sick.
There is a lethal amount of poison in your body!
You feel very sick.
There is a lethal amount of poison in your body!
You feel sick.
There is a lethal amount of poison in your body!
You feel sick.
There is a lethal amount of poison in your body!
You feel sick.
There is a lethal amount of poison in your body!
You feel sick.
There is a lethal amount of poison in your body!
You feel sick.
There is a lethal amount of poison in your body!
You feel sick.
There is a lethal amount of poison in your body!
You die...

>.....>##..###.........>.....#...
..777.....## #.0¤#...¤.......#...
7777777...######¤.......######...
77\\\777.......¤0..0#...### #...
7\...\77.......0.#........# #...
......777....###.#¤###..### ####
\.7.7.\77....###¤0¤##...# ####
\.7<7:.......#¤.¤0###..## #...
\.7.7.\77....#.#@##....# ###...
7.....777......#0##.#..# #.#...
.\...\77......#¤.##....# #.#...
77\\\777........0¤....######.....
7777777...####0##.#........#.....
..777..#### #0##0#.#.####.##....
>.....># #¤.#.#.#.# #.##.###
...##### ##...#.#.# #....... ####
#.#...#.# ####..#.


There were no monsters in sight!

Vanquished Creatures
  A bat (D:1)
  4 endoplasms (D:1)
  A giant cockroach (D:1)
  A goblin (D:1)
  3 hobgoblins (D:1)
  4 kobolds (D:1)
  A quokka (D:1)
  3 frilled lizards (D:1)
  4 rats (D:1)
22 creatures vanquished.

Notes
Turn   | Place    | Note
-------+----------+-------------------------------------------
     0 | D:1      | qw the Minotaur Berserker began the quest for the Orb.
     0 | D:1      | Reached XP level 1. HP: 19/19 MP: 0/0
     0 | D:1      | 0 ||| qw: Version: 0.1-a-119-g272c26d
     0 | D:1      | 0 ||| qw: Game counter: 11219
     0 | D:1      | 0 ||| qw: Always use a shield: true
     0 | D:1      | 0 ||| qw: Do Orc after D:15 true
     0 | D:1      | 0 ||| qw: Do second Lair branch before Depths: true
     0 | D:1      | 0 ||| qw: Lair rune preference: random
     0 | D:1      | 0 ||| qw: Plans: Normal
     0 | D:1      | 0 ||| PLANNING D:1-11
    61 | D:1      | Reached skill level 4 in Axes
   132 | D:1      | Reached XP level 2. HP: 25/26 MP: 1/1
   459 | D:1      | Reached skill level 5 in Axes
   616 | D:1      | 616 ||| UPGRADING to +0 leather armour.
   626 | D:1      | 626 ||| DROPPING +0 animal skin.
   627 | D:1      | 627 ||| UPGRADING to +0 scale mail.
   637 | D:1      | 637 ||| DROPPING +0 leather armour.
   638 | D:1      | 638 ||| READING 2 scrolls labelled VIDUTU GIRCH.
   639 | D:1      | 639 ||| READING scroll labelled PINOTU LINUCOAS.
   640 | D:1      | 640 ||| READING scroll labelled XIMOMOKLUDGH.
   641 | D:1      | 641 ||| READING scroll labelled MYSUEW XIF VER.
   642 | D:1      | 642 ||| Stepping randomly (stuck).
   643 | D:1      | 643 ||| Stepping ~*~*~tactically~*~*~ (cloud).
   646 | D:1      | HP: 6/26 [poisoned by you (poison gas)]
   650 | D:1      | HP: 2/26 [poisoned by you (poison gas)]
   652 | D:1      | Succumbed to their own poison gas

Levels and vault maps discovered:
D:1:      heliophobic_arrival_henge, layout_rooms

Skill      XL: |  1  2 |
---------------+-------+-----
Axes           | 4 5 |  5.0
Fighting       | |  3.6
Armour         | |  2.4
Dodging        | |  2.1

Action                   || total
-------------------------++-------
Melee: Hand axe          ||    44
       Punch             ||     1
       Headbutt          ||     4
  Use: Scroll            ||     4
Armor: Animal skin       ||     2
Dodge: Dodged            ||    18

Table legend:
 A = Non-vault XP
 B = Vault XP
 C = Vault XP percentage of total XP
 D = Non-vault monster count
 E = Vault monster count
 F = Vault count percentage of total count
                 A         B        C        D         E       F
            +---------+---------+-------+---------+---------+-------
      Total |      36 |       0 |   0.0 |      22 |       0 |   0.0
            +---------+---------+-------+---------+---------+-------
        D:1 |      36 |       0 |   0.0 |      22 |       0 |   0.0
            +---------+---------+-------+---------+---------+-------
